 Dungeon Crawl Stone Soup version 0.28.0-45-g0d030f2227 (webtiles) character file.

Game seed: 4255827198108881139

15 protoss039 the Digger (level 2, -1/21 HPs)
             Began as a Demonspawn Earth Elementalist on May 15, 2022.
             Slain by a quokka (4 damage)
             ... on level 1 of the Dungeon.
             The game lasted 00:00:53 (545 turns).

protoss039 the Digger (DsEE)                         Turns: 545, Time: 00:00:54

Health: -1/21      AC:  2    Str:  8    XL:     2   Next: 34%
Magic:  1/5        EV: 12    Int: 18    God:
Gold:   14         SH:  0    Dex: 13    Spells: 4/5 levels left

rFire   . . .      SeeInvis .   d - +0 short sword
rCold   . . .      Faith    .   (no shield)
rNeg    . . .      Spirit   .   b - +0 robe
rPois   .          Reflect  .   (no helmet)
rElec   .          Harm     .   (no cloak)
rCorr   .          Rampage  .   (no gloves)
Will    .....                   (no boots)
Stlth   ++........              (no amulet)
HPRegen 0.07/turn               (no ring)
MPRegen 0.09/turn               (no ring)

@: no status effects
A: big brain 1
a: no special abilities


You were on level 1 of the Dungeon.
You visited 1 branch of the dungeon, and saw 1 of its levels.

You collected 14 gold pieces.

Inventory:

Hand Weapons
 d - a +0 short sword (weapon)
Missiles
 c - 20 stones
Armour
 b - a +0 robe (worn)
Scrolls
 a - a scroll of immolation {unknown}


   Skills:
 * Level 1.3 Fighting
 - Level 1.7 Dodging
 - Level 1.7 Stealth
 + Level 2.2 Spellcasting
 - Level 1.0 Transmutations
 + Level 2.9 Earth Magic


You had 4 spell levels left.
You knew the following spells:

 Your Spells              Type           Power      Damage    Failure   Level
a - Sandblast             Erth           24%        2d8       5%          1

Your spell library contained the following spells:

 Spells                   Type           Power      Damage    Failure   Level
 Passwall                 Tmut/Erth      7%         N/A       12%         2
 Stone Arrow              Conj/Erth      14%        3d7       28%         3
 Petrify                  Tmut/Erth      9%         N/A       61%         4


Dungeon Overview and Level Annotations

Branches:
Dungeon (1/15)

Altars:

Shops:
D:1 *


Innate Abilities, Weirdness & Mutations

You have an unusually large brain. (Int +2)


Message History

Aim: a hobgoblin (almost dead, 79% to hit)
The blast of sand hits the hobgoblin.
You kill the hobgoblin!
The ball python bites you but does no damage.
The ball python grabs you. The ball python constricts you.
Casting: Sandblast (safe; 5% risk of failure)
Confirm with . or Enter, or press ? or * to list all spells.
Aiming: Sandblast (safe; 5% risk of failure)
Press: ? - help, Shift-Dir - straight line, f - ball python
Aim: a ball python (constricting you, 77% to hit)
The blast of sand misses the ball python.
The blast of sand hits the quokka.
The quokka is almost dead.
The ball python barely misses you. The ball python constricts you.
Casting: Sandblast (safe; 5% risk of failure)
Confirm with . or Enter, or press ? or * to list all spells.
Aiming: Sandblast (safe; 5% risk of failure)
Press: ? - help, Shift-Dir - straight line, f/p - ball python
Aim: a ball python (constricting you, 77% to hit)
The blast of sand hits the ball python!
You kill the ball python!
Unknown command.
Casting: Sandblast (safe; 5% risk of failure)
Confirm with . or Enter, or press ? or * to list all spells.
Aiming: Sandblast (safe; 5% risk of failure)
Press: ? - help, Shift-Dir - straight line, f - quokka
Aim: a quokka (almost dead, 71% to hit)
The blast of sand hits the quokka but does no damage.
The quokka is almost dead.
The quokka barely misses you.
Unknown command.
You hit the quokka but do no damage.
The quokka is almost dead.
The quokka bites you.
* * * LOW HITPOINT WARNING * * *
The quokka misses you.
You miss the quokka.
The quokka is almost dead.
The quokka bites you.
You die...

..#.#...##########.......
#..............#..#####
###...########.#..#
##.#............#
#.#.#######.#.## ..#.#
#.#.# #.###.# #.#.# #.
#.# #.#.# #. #@# #.#.#
##.# #r# #.#.#
#.##...##.# #.#.#
..........#
........#.#####
#...###........
#.......#.#####
#....$..#.# #.(.......#


You could see a quokka.

Vanquished Creatures
  An endoplasm (D:1)
  2 hobgoblins (D:1)
  4 jackals (D:1)
  A ball python (D:1)
  3 bats (D:1)
  A kobold (D:1)
  2 rats (D:1)
14 creatures vanquished.

Notes
Turn   | Place    | Note
-------+----------+-------------------------------------------
     0 | D:1      | protoss039 the Demonspawn Earth Elementalist began the
                  | quest for the Orb.
     0 | D:1      | Reached XP level 1. HP: 13/13 MP: 3/3
    32 | D:1      | Reached skill level 1 in Transmutations
   228 | D:1      | Found Neushrug's General Store.
   285 | D:1      | Reached skill level 1 in Fighting
   286 | D:1      | Gained mutation: You have an unusually large brain. (Int
                  | +2) [demonic ancestry]
   286 | D:1      | Reached XP level 2. HP: 9/21 MP: 1/5
   545 | D:1      | Slain by a quokka

Illustrated notes

Levels and vault maps discovered:
D:1:      lemuel_arrival_behind_the_door_small, layout_loops_ring, serial_shops,
          nicolae_shop_hallway_plus, due_unseen_surprise

Skill      XL: |  1 |
---------------+----+-----
Transmutations | 1 |  1.0
Fighting       | 1 |  1.3
Dodging        | |  1.7
Stealth        | |  1.7
Spellcasting   | |  2.2
Earth Magic    | |  2.9

Action                   || total
-------------------------++-------
Melee: Short sword       ||    61
       Unarmed           ||     1
       Punch             ||     1
 Cast: Sandblast         ||    10
Armor: Robe              ||    37
Dodge: Dodged            ||    91
